 Dungeon Crawl Stone Soup version 0.25.1-2-g60ff931df9 (webtiles) character file.

Game seed: 17501507324715928206

119 ytrimaz the Chopper (level 4, 0/41 HPs)
             Began as a Minotaur Berserker on Sept 30, 2020.
             Was a Believer of Trog.
             Succumbed to a worker ant's poison
             ... on level 4 of the Dungeon.
             The game lasted 00:03:13 (1379 turns).

ytrimaz the Chopper (Minotaur Berserker)            Turns: 1379, Time: 00:03:14

Health: 0/41       AC:  9    Str: 22    XL:     4   Next: 73%
Magic:  3/3        EV:  8    Int:  4    God:    Trog [**....]
Gold:   91         SH:  0    Dex: 10    Spells: 3/3 levels left

rFire    + . .     SeeInvis .   a - +0 hand axe
rCold    + . .     Gourm    .   (no shield)
rNeg     . . .     Faith    .   d - +0 chain mail
rPois    +         Spirit   .   (helmet restricted)
rElec    +         Reflect  .   (no cloak)
rCorr    +         Harm     .   (no gloves)
MR       .....                  (no boots)
Stlth    ..........             (no amulet)
HPRegen  0.13/turn              (no ring)
MPRegen  0.08/turn              (no ring)

@: mighty, brilliant, lethally poisoned (0 -> -6), resistant, berserk cooldown,
slowed, very slow
A: retaliatory headbutt, horns 2
a: Berserk, Trog's Hand, Renounce Religion


You were on level 4 of the Dungeon.
You worshipped Trog.
Trog was pleased with you.
You were hungry.

You visited 1 branch of the dungeon, and saw 3 of its levels.

You collected 91 gold pieces.

Inventory:

Hand Weapons
 a - a +0 hand axe (weapon)
Armour
 d - a +0 chain mail (worn)
Scrolls
 f - a scroll of immolation {unknown}
 g - a scroll of blinking
 j - a scroll of teleportation {unknown}
 l - a scroll of remove curse
Potions
 e - a potion of berserk rage
Comestibles
 b - 3 chunks of flesh
 c - 2 rations


   Skills:
 + Level 4.8 Fighting
 + Level 5.1 Axes
 * Level 3.6 Armour
 - Level 2.2 Dodging


You had 3 spell levels left.
You didn't know any spells.
Your spell library was empty.

Dungeon Overview and Level Annotations

Branches:
Dungeon (2/15)             Temple (0/1) D:4

Altars:
Elyvilon
Uskayaw


Innate Abilities, Weirdness & Mutations

You reflexively headbutt those who attack you in melee.
You have a pair of horns on your head.


Message History

You feel protected.
* * * LOW HITPOINT WARNING * * *
You feel sick. The worker ant completely misses you.
The worker ant bites you but does no damage.
It was a potion of brilliance.
You feel clever all of a sudden.
* * * LOW HITPOINT WARNING * * *
You feel sick.
The worker ant bites you but does no damage.
The worker ant bites you.
* * * LOW HITPOINT WARNING * * *
* * * LOW HITPOINT WARNING * * *
You feel sick.
The worker ant bites you but does no damage.
* * * LOW HITPOINT WARNING * * *
You feel sick.
The worker ant bites you but does no damage.
* * * LOW HITPOINT WARNING * * *
You feel sick.
You die...

##...#..$.######..........
##..#.......#............
#...............
####.#..........
..........###........#...
. #.....#...##........###.
#.#.....#..##...#........
........#.. ##†.......##.
......#...###..@........
......#.....#a.#.(...##..
.........†....###..### .#
.............## ..#
..............# ....
.............## #...#
..##.........# ...# #
#.......##... ..#
#..##...##...#


You could see a worker ant.

Vanquished Creatures
  A worker ant (D:4)
  A hound skeleton (D:4)
  2 adders
  2 oozes
  3 worms
  2 dart slugs
  3 leopard geckos (D:1)
  2 giant cockroaches (D:1)
  5 goblins (D:1)
  4 hobgoblins (D:1)
  3 jackals (D:1)
  3 kobolds (D:1)
  A quokka (D:2)
  A ball python skeleton (D:4)
  4 bats
  3 frilled lizards
  4 rats (D:1)
44 creatures vanquished.

Notes
Turn   | Place    | Note
-------+----------+-------------------------------------------
     0 | D:1      | ytrimaz the Minotaur Berserker began the quest for the Orb.
     0 | D:1      | Reached XP level 1. HP: 19/19 MP: 0/0
   196 | D:1      | Reached skill level 4 in Axes
   196 | D:1      | Reached XP level 2. HP: 24/27 MP: 1/1
   645 | D:1      | Reached XP level 3. HP: 28/33 MP: 2/2
  1143 | D:2      | Found a hide-covered altar of Uskayaw.
  1272 | D:2      | You fall into a shaft and drop 2 floors!
  1272 | D:4      | Found a staircase to the Ecumenical Temple.
  1298 | D:4      | Reached ** piety under Trog
  1299 | D:4      | Found a white marble altar of Elyvilon.
  1310 | D:4      | Reached XP level 4. HP: 41/41 MP: 3/3
  1347 | D:4      | Reached skill level 5 in Axes
  1377 | D:4      | HP: 2/41 [poisoned by a worker ant]
  1379 | D:4      | Succumbed to a worker ant's poison

Illustrated notes

Levels and vault maps discovered:
D:1:      dpeg_arrival_tiny_a, layout_loops_ring, serial_glass, glass_columns_b,
          glass_columns_a, glass_columns_b, glass_columns_a
D:2:      layout_rooms, lemuel_round_altar, nicolae_overflow_crystal_walls,
          nicolae_dithmenos_through_a_glass_darkly
D:4:      layout_cave_pools, kennysheep_mini_moat,
          minmay_temple_entry_glassed_door, nicolae_ossuary_entry_ruins

Skill      XL: |  1  2  3  4 |
---------------+-------------+-----
Axes           | 4 5 |  5.1
Fighting       | 4 |  4.8
Armour         | 3 |  3.6
Dodging        | |  2.2

Action                   |  1- 3 |  4- 6 || total
-------------------------+-------+-------++-------
Melee: Hand axe          |    76 |    18 ||    94
       Headbutt          |    11 |     4 ||    15
  Use: Scroll            |     2 |       ||     2
       Potion            |       |     4 ||     4
  Eat: Chunk             |     1 |       ||     1
Armor: Animal skin       |     4 |       ||     4
       Chain mail        |    33 |    13 ||    46
Dodge: Dodged            |    53 |    11 ||    64
